AoeStats
← TheQuietRiot

Arena

506434659Analyzed
1v1 RM · 19d ago on Sep 13, 2026· 47m 29s· 2 players
Game mode
Random Map
Map size
Tiny (2 player)
Population
200
Speed
Normal
Resources
Standard
Victory
Conquest
Starting age
Dark Age
Ending age
Imperial Age
RankedLock teamsTeams togetherTeam positionsShared explorationLock speedFull tech treeHidden civsTurbo modeCheats
Victory
Defeat
🇬🇧 Teutons · United Kingdom
920
+17
🇨🇳 Franks · China
943
-17
TheQuietRiot
10:20 Feudal Age
8:36 Loom
10:57 Double-Bit Axe
13:58 Horse Collar
17:04 Castle Age
15:02 Horse Collar
15:44 Stone Mining
17:18 Forging
18:42 Bloodlines
20:07 Wheelbarrow
23:21 Gold Mining
24:23 Bow Saw
25:18 Heavy Plow
26:19 Town Watch
27:34 Iron Casting
28:06 Scale Barding Armor
31:17 Imperial Age
29:55 Pikeman
30:36 Squires
30:22 Gambesons
30:40 Scale Mail Armor
30:34 Fletching
30:57 Elite Skirmisher
31:22 Cavalier
33:21 Hand Cart
33:10 Town Patrol
34:54 Chemistry
34:15 Ballistics
35:31 Two-Man Saw
36:30 Blast Furnace
35:54 Chain Barding Armor
37:39 Crop Rotation
37:42 Arson
37:56 Bodkin Arrow
38:01 Padded Archer Armor
38:18 Chain Mail Armor
38:39 Plate Barding Armor
38:24 Chain Mail Armor
39:37 Crenellations
41:45 Conscription
45:02 Leather Archer Armor
45:19 Plate Mail Armor
45:12 Siege Engineers
45:17 Masonry
46:30 Halberdier
86969829
10:01 Feudal Age
15:49 Castle Age
15:45 Padded Archer Armor
15:36 Fletching
15:49 Stone Mining
16:49 Loom
19:19 Double-Bit Axe
24:46 Bow Saw
26:14 Gold Mining
32:11 Imperial Age
29:54 Arson
30:09 Squires
31:29 Gold Shaft Mining
31:47 Wheelbarrow
30:46 Pikeman
31:38 Scale Mail Armor
33:28 Chain Mail Armor
34:06 Forging
34:26 Halberdier
35:31 Hand Cart
37:28 #83
38:29 Plate Mail Armor
38:34 Iron Casting
39:51 Leather Archer Armor
40:20 Elite Throwing Axeman
40:50 Heavy Scorpion
42:42 Ballistics
43:22 Chemistry
42:08 Arrowslits
43:34 Blast Furnace
44:57 Cavalier
Connection lost

Rejoining the realm…

Still unreachable

The connection could not be restored.

Session expired

The server has moved on; the page needs a fresh start.